 Dungeon Crawl Stone Soup version 0.27.0-1-g7a089689b8 (webtiles) character file.

Game seed: 18093628203339065369

4336 sasquatch the Grappler (level 10, -35/88 HPs)
             Began as a Troll Berserker on Aug 4, 2021.
             Was an Elder of Trog.
             Killed from afar by a wizard (45 damage)
             ... with a fireball
             ... on level 9 of the Dungeon.
             The game lasted 00:05:54 (2816 turns).

sasquatch the Grappler (Troll Berserker)            Turns: 2816, Time: 00:05:54

Health: -35/88     AC:  5    Str: 30    XL:     10   Next: 12%
Magic:  9/9        EV: 10    Int:  3    God:    Trog [****..]
Gold:   264        SH:  0    Dex:  9    Spells: 9/9 levels left

rFire    . . .     SeeInvis .     - Unarmed
rCold    . . .     Faith    .   (no shield)
rNeg     . . .     Spirit   .   a - +0 animal skin
rPois    .         Reflect  .   (helmet restricted)
rElec    .         Harm     .   s - +0 cloak
rCorr    .         Rampage  .   (gloves unavailable)
Will     ++...                  (boots unavailable)
Stlth    +.........             (no amulet)
HPRegen  2.24/turn              (no ring)
MPRegen  0.11/turn              (no ring)

@: strong-willed, on berserk cooldown, regenerating, slowed, very slow
A: large, unfitting armour, claws 3, regeneration 1, shaggy fur 1, tough skin 1
a: Renounce Religion, Berserk, Trog's Hand, Brothers in Arms


You were on level 9 of the Dungeon.
You worshipped Trog.
Trog was greatly pleased with you.
You visited 1 branch of the dungeon, and saw 9 of its levels.
You also visited: Ossuary.

You collected 264 gold pieces.

Inventory:

Armour
 a - a +0 animal skin (worn)
 s - a +0 cloak (worn)
Wands
 d - a wand of flame (46)
 e - a wand of digging (4)
 r - a wand of mindburst (6)
Scrolls
 c - 2 scrolls of identify
 f - 2 scrolls of noise
 l - 2 scrolls of teleportation
 o - a scroll of vulnerability {unknown}
 q - 3 scrolls of blinking {unknown}
Potions
 b - a potion of mutation {unknown}
 g - 2 potions of invisibility
 h - a potion of curing
 i - a potion of degeneration {unknown}
 j - a potion of haste {unknown}
 k - a potion of cancellation {unknown}
 m - a potion of attraction {unknown}
 n - a potion of lignification {unknown}
 p - a potion of heal wounds {unknown}


   Skills:
 - Level 2.4 Fighting
 - Level 2.4 Dodging
 + Level 14.3 Unarmed Combat


You had 9 spell levels left.
You didn't know any spells.
Your spell library was empty.

Dungeon Overview and Level Annotations

Branches:
Dungeon (9/15)             Temple (0/1) D:5            Lair (0/6) D:9
Ossuary (visited)
    Orc: D:9-12

Altars:
Gozag

Shops:
D:9 :

Annotations:
D:4 1 transporter


Innate Abilities, Weirdness & Mutations

You are too large for most types of armour.
You have claws for hands.
Your natural rate of healing is unusually fast.
You are covered in fur. (AC +1)
You have tough skin. (AC +1)


Message History

You mangle the manticore!!
You kill the manticore!
Trog accepts your kill.
You mangle the centaur zombie!!
The centaur zombie is almost destroyed.
The centaur zombie hits you but does no damage.
The centaur zombie barely misses you.
You mangle the centaur zombie!!
You destroy the centaur zombie!
Trog accepts your kill.
You rip and tear the barbed spikes from your body.
You hear some strange, mumbled words.
A fireball appears from out of thin air!
The fireball explodes!
The fireball engulfs you!!!
* * * LOW HITPOINT WARNING * * *
The fireball engulfs the yak!!
Found a stone staircase leading down.
You see here a manticore corpse.
You closely miss the yak.
The yak is almost dead.
The yak completely misses you.
Unknown command.
You barely miss the yak.
The yak is almost dead.
You hear some strange, mumbled words.
A fireball appears from out of thin air!
The fireball explodes!
The fireball engulfs you!!
* * * LOW HITPOINT WARNING * * *
The fireball engulfs the yak!
The yak dies!
You hear some strange, mumbled words.
You feel a strong urge to attack something.
You are no longer berserk.
You are exhausted.
You feel yourself slow down.
You hear some strange, mumbled words.
A fireball appears from out of thin air!
The fireball explodes!
The fireball engulfs you!!!
Ouch! That really hurt!
You die...

....>..... #
##.#.!......#.#
...#........#.#
.....{.......# .
..........$. ...
#........#
....##..##..# #
.........#†###.#
.......§@..†...#
........#.######
.......##.##
....... ##.#
......# #.## ######
#..#### ##.....####
##.........#####
##..............###


There were no monsters in sight!

Vanquished Creatures
  A manticore (D:9)
  A cyclops (D:9)
  Maurice (D:8)
  A hornet (D:8)
  2 acid dragons (D:9)
  Duvessa (D:7)
  2 water moccasins (D:9)
  A sky beast (D:5)
  3 black bears
  A kobold brigand (D:9)
  4 bullfrogs (D:9)
  5 water moccasin zombies (Ossuary)
  A wyvern zombie (D:8)
  2 scorpions
  Dowan (D:7)
  10 killer bees (D:9)
  A wight (D:9)
  A howler monkey (D:8)
  A bullfrog zombie (D:6)
  2 centaur zombies (D:9)
  3 hounds (D:5)
  3 orc priests
  3 gnoll shamans
  2 iguanas
  4 orc wizards
  2 mummies (Ossuary)
  12 gnolls
  6 adders
  An ufetubus (D:6)
  4 adder zombies (Ossuary)
  A worm (D:2)
  A dart slug (D:4)
  20 orcs
  A ball python (D:3)
  A bat (D:1)
  2 endoplasms
  3 goblins
  2 hobgoblins
  16 jackals
  5 kobolds
  A quokka (D:2)
  A frilled lizard (D:2)
  4 gnoll zombies (Ossuary)
  3 hobgoblin zombies (Ossuary)
  9 kobold zombies (Ossuary)
  4 orc zombies (Ossuary)
  2 rats
158 creatures vanquished.

Vanquished Creatures (others)
  A yak (D:9)
  14 fungi (D:9)
  14 plants (D:9)
29 creatures vanquished.

Grand Total: 187 creatures vanquished

Notes
Turn   | Place    | Note
-------+----------+-------------------------------------------
     0 | D:1      | sasquatch the Troll Berserker began the quest for the Orb.
     0 | D:1      | Reached XP level 1. HP: 22/22 MP: 0/0
   161 | D:2      | Reached XP level 2. HP: 29/29 MP: 1/1
   191 | D:2      | Reached skill level 4 in Unarmed Combat
   274 | D:3      | Reached ** piety under Trog
   275 | D:3      | Reached XP level 3. HP: 36/36 MP: 2/2
   406 | D:4      | Found a transporter.
   414 | D:4      | Noticed a fire bat
   479 | D:4      | Reached XP level 4. HP: 44/44 MP: 3/3
   499 | D:4      | Reached skill level 5 in Unarmed Combat
   513 | D:5      | Entered Level 5 of the Dungeon
   568 | D:5      | Noticed a black bear
   584 | D:5      | Reached XP level 5. HP: 50/50 MP: 4/4
   588 | D:5      | Killed a black bear
   589 | D:5      | Reached skill level 6 in Unarmed Combat
   657 | D:5      | Reached XP level 6. HP: 59/59 MP: 5/5
   701 | D:5      | Found a staircase to the Ecumenical Temple.
   709 | D:5      | Reached skill level 7 in Unarmed Combat
   745 | D:5      | Found an opulent altar of Gozag.
   878 | D:5      | Noticed a sky beast
   891 | D:5      | Killed a sky beast
   892 | D:5      | Reached skill level 8 in Unarmed Combat
   892 | D:5      | Reached XP level 7. HP: 52/66 MP: 6/6
   912 | D:6      | Found a sand-covered staircase.
   916 | Ossuary  | Entered an ossuary
   967 | Ossuary  | Reached *** piety under Trog
  1045 | Ossuary  | Reached skill level 9 in Unarmed Combat
  1430 | D:6      | Reached XP level 8. HP: 74/74 MP: 7/7
  1605 | D:7      | Noticed Duvessa
  1605 | D:7      | Noticed Dowan
  1609 | D:7      | Killed Duvessa
  1610 | D:7      | Reached skill level 10 in Unarmed Combat
  1612 | D:7      | Killed Dowan
  1651 | D:7      | Identified the +1 helmet of the Desert {rC+ Will+ Str-5
                  | Int+2}
  1869 | D:8      | Noticed a hornet
  1873 | D:8      | Paralysed by a hornet for 2 turns
  1876 | D:8      | Killed a hornet
  1877 | D:8      | Reached skill level 11 in Unarmed Combat
  2040 | D:8      | Noticed Maurice
  2051 | D:8      | Killed Maurice
  2097 | D:8      | Reached **** piety under Trog
  2151 | D:8      | Reached XP level 9. HP: 68/80 MP: 8/8
  2207 | D:9      | Found Beakesef's Book Shoppe.
  2231 | D:9      | Reached skill level 12 in Unarmed Combat
  2309 | D:9      | Found a staircase to the Lair.
  2321 | D:9      | Reached skill level 13 in Unarmed Combat
  2360 | D:9      | Noticed a cyclops
  2375 | D:9      | Killed a cyclops
  2570 | D:9      | Reached skill level 14 in Unarmed Combat
  2792 | D:9      | Noticed a wizard
  2792 | D:9      | Noticed a manticore
  2800 | D:9      | Reached XP level 10. HP: 82/88 MP: 9/9
  2807 | D:9      | Killed a manticore
  2812 | D:9      | HP: 4/132 [something/fireball (33)]
  2816 | D:9      | Killed from afar by a wizard

Illustrated notes

Levels and vault maps discovered:
D:1:      eino_arrival_tree_alley, layout_basic, nrook_mini_backslash,
          chequers_jeans
D:2:      layout_rooms, grunt_decor_junction, st_stairs_13,
          minmay_stone_trees_small, minmay_door_square, minmay_quantized,
          uniq_sigmund
D:3:      layout_rooms, nicolae_uskayaw_en_pointe, minmay_bisected
D:4:      gammafunk_cloud_chamber, layout_loops_ring,
          nicolae_overflow_hidden_temple, hangedman_decor_lopped,
          minmay_unequal, uniq_eustachio
D:5:      layout_rooms, lemuel_doored_altar,
          minmay_temple_entry_statues_pillars, kennysheep_generic_room_2
D:6:      layout_loops_ring, lemuel_coloured_pillars_altar, enter_ossuary_5,
          uniq_grinder
D:7:      layout_loops_ring, gammafunk_ghost_grave, grunt_livestock,
          uniq_crazy_yiuf_cottage, uniq_joseph, uniq_duvessa
D:8:      layout_loops_corners, uniq_maggie, uniq_maurice
D:9:      layout_cave_pods, due_lair_maze_entry_diamond, orc_0_dummy,
          serial_shops, nicolae_take_the_stairs, st_stairs_5,
          hangedman_decor_slide_cut

Skill      XL: |  1  2  3  4  5  6  7  8  9 |
---------------+----------------------------+-----
Unarmed Combat | 4 5 6 8 9 11 14 | 14.3
Fighting       | |  2.4
Dodging        | |  2.4

Action                   |  1- 3 |  4- 6 |  7- 9 | 10-12 || total
-------------------------+-------+-------+-------+-------++-------
Melee: Unarmed           |    78 |    70 |   304 |     9 ||   461
       Punch             |     1 |     1 |    12 |     2 ||    16
Invok: Berserk           |     1 |     1 |     5 |     1 ||     8
       Trog's Hand       |       |     1 |     1 |     1 ||     3
  Use: Scroll            |       |       |     4 |       ||     4
Armor: Animal skin       |    28 |    18 |    60 |     1 ||   107
Dodge: Dodged            |    34 |    37 |   114 |     9 ||   194
